 Dungeon Crawl Stone Soup version 0.23-a0-480-g1869896531 (webtiles) character file.

74 LostNumber the Caller (level 4, 33/33 HPs)
             Began as a Mummy Summoner on Nov 29, 2018.
             Was a Follower of Vehumet.
             Quit the game on level 2 of the Dungeon.
             The game lasted 00:03:28 (3270 turns).

LostNumber the Caller (Mummy Summoner)              Turns: 3270, Time: 00:03:28

Health: 33/33      AC:  5    Str: 11    XL:     4   Next: 9%
Magic:  9/9        EV: 10    Int: 15    God:    Vehumet [*.....]
Gold:   88         SH:  0    Dex: 12    Spells: 4/10 levels left

rFire    x . .     SeeInvis .   b - +0 dagger
rCold    + . .     Gourm    .   (no shield)
rNeg     + + +     Faith    .   e - +0 ring mail
rPois    ∞         Spirit   .   (no helmet)
rElec    .         Reflect  .   (no cloak)
rCorr    .         Harm     .   (no gloves)
MR       .....                  (no boots)
Stlth    +.........             (no amulet)
HPRegen  0.11/turn              (no ring)
MPRegen  0.11/turn              (no ring)

@: no status effects
A: no food or potions, fire vulnerability, cold resistance 1, negative energy
resistance 3, torment resistance, unbreathing
a: Renounce Religion


You were on level 2 of the Dungeon.
You worshipped Vehumet.
Vehumet was aware of your devotion.
You were not hungry.

You visited 1 branch of the dungeon, and saw 2 of its levels.

You collected 88 gold pieces.

Inventory:

Hand Weapons
 b - a +0 dagger (weapon)
Armour
 a - a +0 robe
 e - a +0 ring mail (worn)
 f - a +0 shield
Scrolls
 c - a scroll of magic mapping {unknown}
 d - 3 scrolls of identify {unknown}
 g - a scroll of immolation {unknown}


   Skills:
 + Level 1.6 Fighting
 - Level 1.5 Dodging
 - Level 1.5 Stealth
 + Level 3.5 Spellcasting
 * Level 4.0 Summonings


You had 4 spell levels left.
You knew the following spells:

 Your Spells              Type           Power        Failure   Level  Hunger
a - Summon Small Mammal   Summ           ##..         9%          1    N/A
b - Call Imp              Summ           ##......     13%         2    N/A
c - Call Canine Familiar  Summ           ##......     26%         3    N/A

Your spell library contained the following spells:

 Spells                   Type           Power        Failure   Level  Hunger
 Flame Tongue             Conj/Fire      #....        43%         1    N/A
 Summon Guardian Golem    Hex/Summ       #.......     52%         3    N/A
 Summon Ice Beast         Ice/Summ       #.......     89%         4    N/A
 Summon Lightning Spire   Summ/Air       #.......     89%         4    N/A

Dungeon Overview and Level Annotations

Branches:
Dungeon (2/15)

Altars:
Vehumet


Innate Abilities, Weirdness & Mutations

You do not eat or drink.
Your flesh is vulnerable to fire.
You are immune to poison.
Your flesh is cold resistant. (rC+)
You are immune to negative energy. (rN+++)
You are immune to unholy pain and torment.
You can survive without breathing.


Message History

5 stones; a jackal corpse x2
There is a faded altar of an unknown god here.
You cannot tell which god this altar belongs to.
Convert to them anyway?
Okay, then.
You cannot tell which god this altar belongs to.
Convert to them anyway?
Vehumet accepts your prayer! Vehumet welcomes you!
You can now gain magical power from killing.
Vehumet offers you knowledge of Flame Tongue.
There is an open door, spattered with blood here.
Things that are here:
5 stones; a jackal corpse x2
There is a stone staircase leading down here.
A hobgoblin comes into view. It is wielding a +0 club.
The hobgoblin shouts!
A hobgoblin is nearby!
A hobgoblin is nearby!
Quiver which item? (- for none, * to show all) (? for menu, Esc to quit)
Okay, then.
Are you sure you want to abandon this character and quit the game? (Confirm

#8.#............#......#.#
#..#............##.#...#.#
#####...............##.###.#.#
#...................#..# #....
....#.................## #....
.## #.................#####...
##.............#....####..
##........g..###.#...##..
####.....@.######.#...##..
####.....................##..
#............######..#...##..
#######......................
#.......####..##.......
#.......##...######.###
##.....###...# ####.# ##...##
#...###....# #####
#..>....####


You could see a hobgoblin.

Vanquished Creatures
  A worm (D:1)
  2 dart slugs
  A ball python (D:1)
  2 giant cockroaches (D:1)
  4 goblins (D:1)
  3 hobgoblins
  A quokka (D:2)
  3 bats
  2 frilled lizards (D:2)
  2 kobolds
  3 rats
24 creatures vanquished.

Vanquished Creatures (collateral kills)
  A howler monkey (D:2)
  A worm (D:2)
  3 goblins
  6 hobgoblins
  3 jackals (D:2)
  A kobold (D:1)
  A bat (D:2)
16 creatures vanquished.

Grand Total: 40 creatures vanquished

Notes
Turn   | Place    | Note
-------+----------+-------------------------------------------
     0 | D:1      | LostNumber the Mummy Summoner began the quest for the Orb.
     0 | D:1      | Reached XP level 1. HP: 13/13 MP: 4/4
   827 | D:1      | Reached XP level 2. HP: 10/20 MP: 2/5
   858 | D:1      | Learned a level 2 spell: Call Imp
  1541 | D:1      | Reached skill level 1 in Fighting
  2161 | D:2      | Reached XP level 3. HP: 12/26 MP: 4/7
  2329 | D:2      | Learned a level 3 spell: Call Canine Familiar
  2406 | D:2      | HP: 1/26 [howler monkey (6)]
  2722 | D:1      | Reached skill level 4 in Summonings
  2921 | D:2      | Reached XP level 4. HP: 15/32 MP: 5/9
  3202 | D:2      | Found a faded altar of an unknown god.
  3245 | D:2      | Became a worshipper of Vehumet
  3245 | D:2      | Reached * piety under Vehumet
  3245 | D:2      | Offered knowledge of Flame Tongue by Vehumet.
  3270 | D:2      | Quit the game

Vault maps used:
D:1:      mrwooster_arrival_statue, serial_forest, infiniplex_forest_split,
          infiniplex_forest_lined_2, infiniplex_forest_clump_diagonal,
          infiniplex_forest_clump_double, infiniplex_forest_lined_3_way
D:2:      chequers_ecumenical_altar_lobes, first_ration, grunt_ministairs_7,
          chequers_decorated_corner

Skill      XL: |  1  2  3 |
---------------+----------+-----
Spellcasting   | 3 |  3.5
Fighting       | 1 |  1.6
Summonings     | 4 |  4.0
Dodging        | |  1.5
Stealth        | |  1.5

Action                   |  1- 3 |  4- 6 || total
-------------------------+-------+-------++-------
Melee: Dagger            |   159 |     9 ||   168
       Unarmed           |     7 |       ||     7
 Cast: Summon Small Mamm |     6 |       ||     6
       Call Imp          |    13 |     1 ||    14
 Stab: Distracted        |     1 |       ||     1
       Sleeping          |     1 |       ||     1
Armor: Ring mail         |    77 |    11 ||    88
       Robe              |     4 |       ||     4
Dodge: Dodged            |   100 |     9 ||   109

Table legend:
 A = Non-vault XP
 B = Vault XP
 C = Vault XP percentage of total XP
 D = Non-vault monster count
 E = Vault monster count
 F = Vault count percentage of total count
                 A         B        C        D         E       F
            +---------+---------+-------+---------+---------+-------
      Total |     104 |       2 |   1.9 |      39 |       1 |   2.5
            +---------+---------+-------+---------+---------+-------
        D:1 |      36 |       0 |   0.0 |      20 |       0 |   0.0
        D:2 |      68 |       2 |   2.9 |      19 |       1 |   5.0
            +---------+---------+-------+---------+---------+-------
